Description

tvp 1 base mine drop opener

VOD

https://youtu.be/oibMNsGqpeo

Replay - 2023-02-08 - (T)Jason VS (P)RekcOr

Build Order

Get SALT Encoding   

  12  0:00  SCV  
  13  0:12  SCV  
  14  0:18  Supply Depot  
  14  0:24  SCV  
  15  0:40  SCV  
  15  0:41  Barracks  
  16  0:45  Refinery  
  16  0:52  SCV  
  16  0:53  Refinery  
  17  1:04  SCV  
  18  1:16  SCV  
  19  1:25  Supply Depot  
  19  1:29  Reaper, Orbital Command  
  20  1:45  Factory  
  20  1:55  SCV  
  21  2:01  Barracks Reactor  
  21  2:07  SCV  
  22  2:20  SCV  
  23  2:24  Command Center  
  23  2:31  Widow Mine  
  26  2:38  Supply Depot  
  26  2:39  Marine x2  
  28  2:49  Starport  
  29  2:54  Widow Mine  
  31  3:05  Marine x2  
  35  3:19  Widow Mine  
  37  3:24  Bunker  
  38  3:29  Marine  
  39  3:35  Marine, Medivac  
  43  3:42  Factory Tech Lab  
  43  3:55  Marine x2, Supply Depot  
  46  3:56  Orbital Command  
  46  4:00  Siege Tank  
  50  4:14  Marine x2  
  50  4:15  Starport Tech Lab  
  52  4:18  Barracks  
  54  4:34  Siege Tank  
  54  4:35  Raven  
  59  4:43  Barracks  
  62  5:01  Engineering Bay  
  62  5:05  Supply Depot  
  62  5:20  Starport Reactor  
  62  5:25  Refinery x2  
  62  5:26  Stimpack  
  67  5:30  Marauder  
  67  5:35  Terran Infantry Weapons Level 1  
  66  5:38  Factory Reactor  
  66  5:39  Marauder  
  72  5:52  Combat Shield  
  72  5:54  Marauder  
  76  6:02  Medivac  
  79  6:07  Marauder  
  82  6:18  Marauder  
  85  6:24  Widow Mine x2  
  91  6:26  Medivac  
  91  6:32  Medivac  
  95  6:34  Marauder  
  99  6:47  Marauder, Widow Mine x2  
  105  6:56  Marauder, Medivac  
  111  7:06  Medivac  
  111  7:07  Concussive Shells  
  113  7:08  Command Center  
  113  7:12  Marauder x2  
  118  7:23  Widow Mine  
  118  7:29  Terran Infantry Armor Level 1  
  120  7:34  Widow Mine  
  128  7:45  Widow Mine  
  127  8:12  Medivac x2  
  130  8:22  Barracks x2  
  134  8:47  Viking  
  134  9:16  Armory  
Spawning Tool Build Advisor. Get it on Overwolf

Go to:

Details

  • Created by: detholicious
  • Published on: Jun 25, 2023
  • Modified on: Jun 25, 2023
  • Patch: 5.0.11
  • Difficulty: Medium
Show
View Real Time Build Order
Export as new Build Order

Comments (0)

There are no comments. Be the first!

Create an account to comment!